 Dungeon Crawl Stone Soup version 0.29.1-2-gbd0b4ee654 (webtiles) character file.

Game seed: 14817665007415208963

1777 qeuew the Covered (level 8, -2/62 HPs)
             Began as a Demonspawn Wanderer on Nov 9, 2022.
             Was a Follower of Okawaru.
             Slain by a gnoll
             ... wielding a +0 club
             ... led by a gnoll bouda
              (5 damage)
             ... on level 6 of the Dungeon.
             The game lasted 00:10:32 (6066 turns).

qeuew the Covered (Demonspawn Wanderer)             Turns: 6066, Time: 00:10:33

Health: -2/62      AC: 12    Str: 18    XL:     8   Next: 81%
Magic:  6/8        EV: 16    Int: 12    God:    Okawaru [*.....]
Gold:   281        SH: 13    Dex: 11    Spells: 7/7 levels left

rFire   + . .      SeeInvis .   a - +0 spear
rCold   . . .      Faith    .   b - +2 buckler
rNeg    . . .      Spirit   .   j - +1 chain mail {rF+}
rPois   .          Reflect  +   (no helmet)
rElec   .          Harm     .   (no cloak)
rCorr   .          Rampage  .   (no gloves)
Will    .....                   (no boots)
Stlth   ..........              l - amulet of reflection
HPRegen 0.20/turn               e - +4 ring of slaying
MPRegen 0.11/turn               f - +4 ring of evasion

@: heroic, weakened
A: repulsion field 1, foul stench 1, spiny 1
a: Renounce Religion, Heroism


You were on level 6 of the Dungeon.
You worshipped Okawaru.
Okawaru was aware of your devotion.
You visited 2 branches of the dungeon, and saw 7 of its levels.

You collected 281 gold pieces.

Inventory:

Hand Weapons
 a - a +0 spear (weapon)
Armour
 b - a +2 buckler (worn)
 j - a +1 chain mail of fire resistance (worn)
Jewellery
 e - a +4 ring of slaying (left hand)
 f - a +4 ring of evasion (right hand)
 l - an amulet of reflection (around neck)
Scrolls
 c - a scroll of fog
 d - a scroll of teleportation
 h - a scroll of identify
 i - a scroll of amnesia
Potions
 g - a potion of haste {unknown}
 k - 4 potions of magic
 m - a potion of mutation {unknown}
 n - 2 potions of brilliance


   Skills:
 + Level 5.0(10.0) Fighting
 + Level 4.9(9.9) Polearms
 + Level 5.8(10.8) Armour
 + Level 4.4(9.4) Dodging
 - Level 1.0(6.0) Stealth
 + Level 4.9(9.9) Shields


You had 7 spell levels left.
You didn't know any spells.
Your spell library contained the following spells:

 Spells                   Type           Power      Damage    Failure   Level
 Necrotise                Necr           0%         1d4       97%         1
 Vampiric Draining        Necr           0%         2d6       100%        3
 Agony                    Necr           0%         N/A       100%        5


Dungeon Overview and Level Annotations

Branches:
Dungeon (6/15)             Temple (1/1) D:5

Altars:
Ashenzari
Cheibriados
Kikubaaqudgha
Makhleb
Nemelex Xobeh
Okawaru
Qazlal
Ru
Sif Muna
Uskayaw
Vehumet
Xom
Yredelemnul

Shops:
D:4 [


Innate Abilities, Weirdness & Mutations

You are surrounded by a mild repulsion field. (EV +2)
You may rarely emit foul miasma when damaged in melee.
You are partially covered in sharp spines.


Message History

You block the gnoll's attack. The gnoll barely misses you.
Your base Fighting skill increases to level 5!
Unknown command.
You barely miss the gnoll bouda.
The gnoll bouda is heavily wounded.
You block the gnoll's attack.
The gnoll bouda is struck by your spines.
The gnoll bouda hits you but does no damage.
The iguana misses you. You block the gnoll's attack.
Unknown command.
You barely miss the gnoll bouda.
The gnoll bouda is heavily wounded.
You block the gnoll's attack. The gnoll is struck by your spines.
You kill the gnoll!
Okawaru accepts your kill. The gnoll barely misses you.
The gnoll bouda hits you with a +0 whip.
* * * LOW HITPOINT WARNING * * *
You emit a cloud of foul miasma!
You block the iguana's attack.
Okay, then.
You puncture the gnoll bouda!
The gnoll bouda is almost dead.
The gnoll is no longer moving quickly.
You block the gnoll's attack. x2
Unknown command.
You hit the gnoll.
The gnoll is severely wounded.
The gnoll completely misses you. The phantom is struck by your spines.
The phantom hits you but does no damage.
The gnoll bouda is engulfed in dark miasma.
The gnoll bouda is poisoned.
You kill the gnoll bouda!
Okawaru accepts your kill. The iguana bites you.
* * * LOW HITPOINT WARNING * * *
You puncture the iguana!
The iguana is almost dead.
The gnoll hits you with a +0 club.
* * * LOW HITPOINT WARNING * * *
The gnoll hits you with a +0 club.
You die...

........#...#'##'#####.......
.................. #.......
............#..... ##......
##......P...#.... #.....#
#......P...#.... #.....#
#......P....# #.....#
#...........# #......
####......lg##### #......
.........ยง@g...# #####..
.........Wg....# #..
...............# #..
.........>...### ...
.......!.....# ...
.............# ............#
##........##


You could see a phantom, an iguana and 3 gnolls.

Vanquished Creatures
  Sigmund (D:5)
  Eustachio (D:5)
  A steam dragon (D:5)
  Menkaure (D:6)
  Duvessa (D:5)
  A black bear (D:4)
  A sky beast (D:6)
  A centaur (D:6)
  A gnoll sergeant (D:5)
  Dowan (D:5)
  5 hounds
  A jelly (D:5)
  A gnoll bouda (D:6)
  2 orc priests
  Jessica (D:3)
  An iguana (D:4)
  7 orc wizards
  Robin (D:2)
  8 gnolls
  10 adders
  2 shadow imps
  4 worms
  2 dart slugs
  13 orcs
  10 endoplasms
  11 goblins
  10 hobgoblins
  A jackal (D:4)
  3 quokkas
  6 ball pythons
  5 bats
  2 frilled lizards
  8 kobolds
  4 rats
128 creatures vanquished.

Vanquished Creatures (others)
  A goblin (D:2)
  A plant (D:6)
2 creatures vanquished.

Grand Total: 130 creatures vanquished

Notes
Turn   | Place    | Note
-------+----------+-------------------------------------------
     0 | D:1      | qeuew the Demonspawn Wanderer began the quest for the Orb.
     0 | D:1      | qeuew set off with the following items: a +0 spear, a +2
                  | buckler, a +0 scale mail, a scroll of teleportation.
     0 | D:1      | Reached XP level 1. HP: 15/15 MP: 1/1
   211 | D:1      | Gained mutation: You are surrounded by a mild repulsion
                  | field. (EV +2) [demonic ancestry]
   211 | D:1      | Reached XP level 2. HP: 21/21 MP: 2/2
   380 | D:1      | Found a faded altar of an unknown god.
  1232 | D:2      | Noticed Robin
  1242 | D:2      | Reached XP level 3. HP: 23/26 MP: 3/3
  1247 | D:2      | Reached skill level 1 in Dodging
  1250 | D:2      | Killed Robin
  1382 | D:2      | Reached XP level 4. HP: 33/33 MP: 4/4
  2254 | D:3      | Reached XP level 5. HP: 30/38 MP: 3/5
  2678 | D:3      | Found a snail-covered altar of Cheibriados.
  2896 | D:3      | Noticed Jessica
  2911 | D:3      | Killed Jessica
  2912 | D:3      | Gained mutation: You are partially covered in sharp spines.
                  | [demonic ancestry]
  2912 | D:3      | Reached XP level 6. HP: 46/46 MP: 6/6
  3850 | D:4      | Found Cojasont's Antique Armour Emporium.
  3882 | D:4      | Gained mutation: You may rarely emit foul miasma when
                  | damaged in melee. [demonic ancestry]
  3882 | D:4      | Reached XP level 7. HP: 52/52 MP: 7/7
  3913 | D:4      | Found a stormy altar of Qazlal.
  4171 | D:5      | Entered Level 5 of the Dungeon
  4237 | D:5      | Noticed Dowan
  4237 | D:5      | Noticed Duvessa
  4242 | D:5      | Killed Dowan
  4274 | D:5      | Killed Duvessa
  4495 | D:5      | Noticed Eustachio
  4745 | D:5      | Found a staircase to the Ecumenical Temple.
  4754 | Temple   | Entered the Ecumenical Temple
  4754 | Temple   | Found a transporter.
  4754 | Temple   | Found a transporter.
  4756 | Temple   | Found a transporter.
  4756 | Temple   | Found a transporter.
  4806 | Temple   | Became a worshipper of Warmaster Okawaru
  4940 | D:5      | Noticed a steam dragon
  4954 | D:5      | Killed a steam dragon
  4955 | D:5      | Reached skill level 5 in Armour
  5059 | D:5      | Killed Eustachio
  5060 | D:5      | Reached XP level 8. HP: 46/60 MP: 8/8
  5327 | D:5      | Found a burning altar of Makhleb.
  5345 | D:5      | Reached * piety under Okawaru
  5363 | D:5      | Noticed Sigmund
  5372 | D:5      | Killed Sigmund
  5968 | D:6      | Found a hide-covered altar of Uskayaw.
  6048 | D:6      | Noticed Menkaure
  6061 | D:6      | Killed Menkaure
  6062 | D:6      | Reached skill level 5 in Fighting
  6066 | D:6      | HP: 3/62 [gnoll/+0 club[a gnoll bouda] (5)]
  6066 | D:6      | Slain by a gnoll

Illustrated notes

Levels and vault maps discovered:
D:1:      matt_arrival_spirals, layout_basic,
          shapermc_ecumenical_altar_totnotflames
D:2:      layout_loops_cross, nicolae_titane, uniq_robin
D:3:      layout_basic, lemuel_doored_altar, elyvilon_altar_1, st_stairs_12,
          uniq_jessica
D:4:      cheibrodos_old_hovel, layout_cave_pools, grunt_qazlal_sundering,
          serial_shops, nicolae_take_the_stairs, minmay_misc_feat_ornament,
          st_stairs_13
D:5:      layout_loops_cross, kennysheep_mini, minmay_temple_entry_arrows,
          uniq_eustachio, uniq_duvessa, uniq_sigmund
D:6:      layout_basic, mainiacjoe_overflow_boulevard, uniq_menkaure
Temple:   hellmonk_temple_divided_pantheon

Skill      XL: |  1  2  3  4  5  6  7  8 |
---------------+-------------------------+-----
Polearms       | 2 3 4 |  4.9
Shields        | 2 3 4 |  4.9
Dodging        | 1 2 3 4 |  4.4
Armour         | 4 5 |  5.8
Fighting       | 2 3 4 5 |  5.0
Stealth        | |  1.0

Action                   |  1- 3 |  4- 6 |  7- 9 || total
-------------------------+-------+-------+-------++-------
Melee: Spear             |   109 |   212 |   209 ||   530
Invok: Heroism           |       |       |     1 ||     1
  Use: Scroll            |     2 |     4 |     2 ||     8
       Potion            |       |     5 |     5 ||    10
Armor: Scale mail        |    27 |    13 |       ||    40
       Chain mail        |       |    34 |    43 ||    77
Dodge: Dodged            |    48 |    88 |    96 ||   232
Block: Buckler           |    20 |    55 |   139 ||   214
       Reflection        |       |       |     7 ||     7
